 Dungeon Crawl Stone Soup version 0.31-a0-75-g6fe912e8c5 (webtiles) character file.

Game seed: 7588489981796986858

1555 Flugkiller the Sneak (level 8, 0/43 HPs)
             Began as a Vine Stalker Brigand on May 23, 2023.
             Was a Priest of Uskayaw.
             Slain by a water moccasin (2 damage)
             ... on level 6 of the Dungeon.
             The game lasted 00:07:52 (4737 turns).

Flugkiller the Sneak (Vine Stalker Brigand)         Turns: 4737, Time: 00:07:52

Health: 0/43       AC:  4    Str: 14    XL:     8   Next: 88%
Magic:  0/12       EV: 14    Int: 11    God:    Uskayaw [***...]
Gold:   336        SH:  0    Dex: 18    Spells: 11/11 levels left

rFire   . . .        n - +2 dagger (venom)
rCold   . . .        (no shield)
rNeg    . . .        b - +0 robe
rPois   .            (no helmet)
rElec   .            c - +0 cloak
rCorr   .            (no gloves)
SInv    +            g - +0 pair of boots
Will    +....        y - amulet of magic regeneration
Stlth   +++          i - ring of see invisible
HPRegen 1.07/turn    (no ring)
MPRegen 0.53/turn

%: guardian spirit
@: brilliant, lethally poisoned (0 -> -6)
A: fangs 3, regeneration 1, magic shield, antimagic bite, no potion heal 2
a: Renounce Religion, Stomp, Line Pass


You were on level 6 of the Dungeon.
You worshipped Uskayaw.
Uskayaw was noncommittal.
You visited 2 branches of the dungeon, and saw 7 of its levels.

You collected 336 gold pieces.

Inventory:

Hand Weapons
 n - a +2 dagger of venom (weapon)
   (You took it off a kobold on level 4 of the Dungeon)
 x - a +2 short sword of distortion
   (You took it off an orc on level 6 of the Dungeon)
Missiles
 d - 9 poisoned darts (quivered)
 e - 9 curare-tipped darts
 w - a throwing net
Armour
 b - a +0 robe (worn)
 c - a +0 cloak (worn)
 g - a +0 pair of boots (worn)
   (You found it on level 3 of the Dungeon)
Jewellery
 i - a ring of see invisible (left hand)
   (You found it on level 3 of the Dungeon)
 y - an amulet of magic regeneration (around neck)
   (You found it on level 6 of the Dungeon)
Wands
 a - a wand of charming (5)
   (You took it off an orc on level 4 of the Dungeon)
 u - a wand of iceblast (9)
   (You found it on level 3 of the Dungeon)
Scrolls
 f - a scroll of enchant weapon
 k - a scroll of fog {unknown}
 m - a scroll of enchant armour {unknown}
 q - a scroll of fear {unknown}
 r - a scroll of identify
 t - 6 scrolls of teleportation
 v - a scroll of immolation
Potions
 h - 3 potions of haste
 j - a potion of mutation
 l - a potion of heal wounds {unknown}
 o - a potion of invisibility {unknown}
 p - a potion of might {unknown}
 s - 2 potions of brilliance


   Skills:
 + Level 5.1 Fighting
 + Level 5.2 Short Blades
 - Level 1.7 Throwing
 + Level 4.9 Dodging
 - Level 6.0 Stealth
 - Level 2.0 Spellcasting
 + Level 3.0 Invocations


You had 11 spell levels left.
You didn't know any spells.
Your spell library contained the following spells:

 Spells                   Type           Power      Damage    Failure   Level
 Kiss of Death            Conj/Necr      0%         2d5       32%         1
 Shock                    Conj/Air       0%         1d3       32%         1
 Confusing Touch          Hex            1%         N/A       65%         3
 Volatile Blastmotes      Fire/Tloc      0%         2d10      67%         3
 Dispel Undead            Necr           1%         3d6       96%         4


Dungeon Overview and Level Annotations

Branches:
Dungeon (6/15) Zot: 26510  Temple (1/1) D:5 Zot: 5971

Altars:
Ashenzari
Cheibriados
Dithmenos
Elyvilon
Gozag
Kikubaaqudgha
Makhleb
Nemelex Xobeh
Okawaru
Ru
Sif Muna
Uskayaw
Vehumet
Zin
The Shining One


Innate Abilities, Weirdness & Mutations

You have razor-sharp teeth.
Your natural rate of healing is unusually fast.
When hurt, damage is shared between your health and your magic reserves.
Your bite disrupts and absorbs the magic of your enemies.
Potions cannot restore your health.


Message History

Prince Ribbit croaks.
You continue putting on your amulet of magic regeneration.
Keep equipping yourself?
You continue putting on your amulet of magic regeneration. x2
You finish putting on your amulet of magic regeneration.
y - an amulet of magic regeneration (around neck)
The white imp shouts!
The orc shouts!
You hit Prince Ribbit.
Prince Ribbit is poisoned.
You bite Prince Ribbit.
Prince Ribbit's magic leaks into the air.
You drain his magic.
Prince Ribbit is lightly wounded.
Prince Ribbit hits you.
You hit Prince Ribbit.
Prince Ribbit is moderately wounded.
A water moccasin comes into view.
Prince Ribbit misses you.
The water moccasin hisses angrily.
You hit Prince Ribbit.
Prince Ribbit looks even sicker.
You bite Prince Ribbit.
Prince Ribbit's magic leaks into the air.
You drain his magic.
Prince Ribbit is moderately wounded.
Prince Ribbit barely misses you.
You can now pass through a line of other dancers.
You hit Prince Ribbit.
Prince Ribbit is moderately wounded.
Prince Ribbit falters for a moment.
You hit Prince Ribbit.
Prince Ribbit looks as sick as possible!
Prince Ribbit is heavily wounded.
Prince Ribbit hits you!
You hit Prince Ribbit.
Prince Ribbit looks as sick as possible!
Prince Ribbit is heavily wounded.
Prince Ribbit hits you! The orc misses you.
You are too injured to fight recklessly!
You hit Prince Ribbit.
Prince Ribbit looks as sick as possible!
Prince Ribbit is severely wounded.
Prince Ribbit hits you. The orc closely misses you.
You hit Prince Ribbit.
Prince Ribbit looks as sick as possible!
Your bite misses Prince Ribbit.
Prince Ribbit is almost dead.
Prince Ribbit hits you!
You hit Prince Ribbit.
Prince Ribbit looks as sick as possible!
Prince Ribbit is almost dead.
You kill Prince Ribbit!
Prince Ribbit returns to his original shape as he dies.
The orc barely misses you.
Uskayaw will force your foes to helplessly watch your dance.
Uskayaw prepares the audience for your solo!
Your Fighting skill increases to level 5!
Your Short Blades skill increases to level 5!
Your Invocations skill increases to level 3!
The helpless orc fails to defend itself.
You perforate the orc like a sieve!!!
You kill the orc!
The water moccasin is no longer paralysed.
The helpless white imp fails to defend itself.
You perforate the white imp like a sieve!!!
You kill the white imp!
The water moccasin bites you.
You hit the water moccasin. You bite the water moccasin. You drain its power.
You feel invigorated.
The water moccasin is moderately wounded.
The water moccasin completely misses you.
Uskayaw will force your foes to share their pain.
You hit the water moccasin.
The water moccasin is poisoned.
Your bite misses the water moccasin.
The water moccasin is moderately wounded.
The water moccasin misses you.
You hit the water moccasin.
The water moccasin looks as sick as possible!
Your bite misses the water moccasin.
The water moccasin is heavily wounded.
The water moccasin bites you!
You are poisoned.
The water moccasin poisons you!
You barely miss the water moccasin. Your bite misses the water moccasin.
The water moccasin is heavily wounded.
You feel sick. The water moccasin bites you!
* * * LOW HITPOINT WARNING * * *
You are lethally poisoned!
The water moccasin poisons you!
Okay, then.
Unknown command.
Unknown command.
Aiming: Line Pass
Press: ? - help, Dir - move target The water moccasin appears confused.
* * * LOW HITPOINT WARNING * * *
You feel very sick. The water moccasin misses you.
It was a potion of brilliance.
You feel clever all of a sudden.
* * * LOW HITPOINT WARNING * * *
You feel very sick. The water moccasin bites you.
You die...

.......#
#..#
####..##
##.# .... #
#### #..#
#...# ##..#
#.....
##...#
#......
#....##.....
##...†....#
##..S...##
##.<@...# #
#...........
##
#.####......
.## #.#
#...## ..#
#.. ...# #o#
#..# ..# #o#
o.. .# ..#
.o.# .# .o#
..o#


You could see a water moccasin (confused, extremely poisoned).

Vanquished Creatures
  Prince Ribbit (D:6)
  An ice beast (D:4)
  2 ogres
  A phantom (D:5)
  A bullfrog (D:6)
  A scorpion (D:4)
  A hound (D:5)
  7 orc priests
  2 gnoll boudas
  3 iguanas (D:5)
  A sleepcap (D:5)
  3 orc wizards
  15 gnolls
  8 adders
  3 river rats (D:3)
  2 white imps
  3 worms (D:3)
  2 dart slugs
  13 orcs
  4 ball pythons
  4 bats
  10 endoplasms
  4 giant cockroaches
  30 goblins
  25 hobgoblins
  3 jackals (D:5)
  13 kobolds
  3 quokkas
  2 frilled lizards (D:1)
  9 rats
177 creatures vanquished.

Notes
Turn   | Place    | Note
-------+----------+-------------------------------------------
     0 | D:1      | Flugkiller the Vine Stalker Brigand began the quest for the
                  | Orb.
     0 | D:1      | Reached XP level 1. HP: 11/11 MP: 2/2
    81 | D:1      | Reached skill level 5 in Stealth
   116 | D:1      | Reached XP level 2. HP: 13/15 MP: 3/3
   193 | D:1      | Found a faded altar of an unknown god.
   336 | D:1      | Reached XP level 3. HP: 18/18 MP: 4/4
   450 | D:2      | Reached skill level 6 in Stealth
   517 | D:2      | Reached skill level 1 in Dodging
   802 | D:2      | Gained mutation: Your natural rate of healing is unusually
                  | fast. [Vine Stalker growth]
   802 | D:2      | Reached XP level 4. HP: 23/23 MP: 5/5
  1396 | D:3      | Found a glowing silver altar of Zin.
  1403 | D:3      | Found an iron altar of Okawaru.
  1403 | D:3      | Found a sparkling altar of Nemelex Xobeh.
  1583 | D:3      | Reached XP level 5. HP: 18/26 MP: 2/6
  1592 | D:3      | Found a glowing drain.
  2480 | D:4      | Reached XP level 6. HP: 18/31 MP: 4/7
  2936 | D:5      | Entered Level 5 of the Dungeon
  3009 | D:5      | Reached XP level 7. HP: 36/36 MP: 6/8
  3200 | D:5      | Reached skill level 1 in Spellcasting
  3223 | D:5      | Found a staircase to the Ecumenical Temple.
  3245 | Temple   | Entered the Ecumenical Temple
  3264 | Temple   | Became a worshipper of Uskayaw the Reveller
  3322 | D:5      | Reached * piety under Uskayaw
  3333 | D:5      | Reached ** piety under Uskayaw
  3549 | D:5      | Reached *** piety under Uskayaw
  3667 | D:5      | Gained mutation: You have razor-sharp teeth. [Vine Stalker
                  | growth]
  3667 | D:5      | Reached XP level 8. HP: 30/42 MP: 8/12
  3717 | D:5      | Reached skill level 1 in Invocations
  3911 | D:5      | Reached **** piety under Uskayaw
  4704 | D:6      | Got the Excursus on Electrocution and the Coals
  4715 | D:6      | Noticed Prince Ribbit
  4729 | D:6      | Killed Prince Ribbit
  4730 | D:6      | Reached skill level 5 in Fighting
  4730 | D:6      | Reached skill level 5 in Short Blades
  4737 | D:6      | HP: 2/43 [poisoned by a water moccasin]
  4737 | D:6      | Slain by a water moccasin

Illustrated notes

Levels and vault maps discovered:
D:1:      minmay_arrival_four_houses, layout_rooms,
          shapermc_ecumenical_altar_ellora
D:2:      layout_basic
D:3:      layout_loops_corners, minitemple, portal_sewer_entry_e,
          minmay_parallelograms, ebering_dispersal_statue_hall,
          amcnicky_mini_corridor_feature
D:4:      layout_cave_pods
D:5:      minmay_goblin_kobold_castle, layout_rooms, minmay_temple_entry_glass
D:6:      cheibrodos_fzero, layout_layer_cave, uniq_prince_ribbit1
Temple:   hellmonk_temple_two_chambers

Skill      XL: |  1  2  3  4  5  6  7  8 |
---------------+-------------------------+-----
Short Blades   | 2 3 4 5 |  5.2
Stealth        | 5 6 |  6.0
Fighting       | 2 3 4 5 |  5.1
Dodging        | 1 2 4 |  4.9
Spellcasting   | 2 |  2.0
Invocations    | 3 |  3.0
Throwing       | |  1.7

Action                     |  1- 3 |  4- 6 |  7- 9 || total
---------------------------+-------+-------+-------++-------
  Melee: Dagger            |    86 |   228 |   300 ||   614
         Bite              |    15 |    64 |    87 ||   166
         Punch             |     1 |     2 |     5 ||     8
 Invoke: Line Pass         |       |       |     1 ||     1
  Evoke: Wand              |       |       |     1 ||     1
    Use: Scroll            |       |     6 |     1 ||     7
         Potion            |       |     4 |     1 ||     5
   Stab: Sleeping          |    10 |     9 |     2 ||    21
         Paralysed         |       |       |     7 ||     7
         Distracted        |       |       |     2 ||     2
 Armour: Robe              |    23 |    44 |    37 ||   104
  Dodge: Dodged            |    36 |   136 |   179 ||   351

Table legend: (Time is in decaauts)
 A = Elapsed time spent in this place.
 B = Non-inter-level travel time spent in this place.
 C = Inter-level travel time spent in this place.
 D = Time resting spent in this place.
 E = Time spent auto-exploring this place.
 F = Levels seen in this place.
 G = Mean time per level.
                   A        B        C        D        E       F      G
               +--------+--------+--------+--------+--------+-----+--------+
         Total |   4685 |   4419 |    266 |    298 |   2308 |   7 |  669.3 |
       Dungeon |   4657 |   4399 |    258 |    298 |   2301 |   6 |  776.2 |
        Temple |     28 |     20 |      8 |      0 |      7 |   1 |   28.0 |
               +--------+--------+--------+--------+--------+-----+--------+

Top non-repeatable levels by time:
     D:5: 1219 daAuts
     D:3: 1174 daAuts
     D:4: 969 daAuts
     D:2: 504 daAuts
     D:1: 432 daAuts
     D:6: 356 daAuts
  Temple: 28 daAuts
